 Dungeon Crawl Stone Soup version 0.30-a0-782-ge64f9170bb (webtiles) character file.

Game seed: 13667001818620389647

33 senseless the Slasher (level 3, -3/28 HPs)
             Began as a Gnoll Wanderer on Mar 4, 2023.
             Slain by Sigmund
             ... wielding a +2 scythe of freezing
              (9 damage)
             ... on level 2 of the Dungeon.
             The game lasted 00:01:31 (780 turns).

senseless the Slasher (Gnoll Wanderer)               Turns: 780, Time: 00:01:32

Health: -3/28      AC:  3    Str: 12    XL:     3   Next: 29%
Magic:  4/4        EV: 11    Int:  9    God:
Gold:   31         SH:  0    Dex: 14    Spells: 3/3 levels left

rFire   . . .      SeeInvis .    a - +2 falchion
rCold   . . .      Faith    .    c - +0 buckler
rNeg    . . .      Spirit   .    e - +0 leather armour
rPois   .          Reflect  .    (no helmet)
rElec   .          Harm     .    (no cloak)
rCorr   .          Rampage  .    (no gloves)
Will    .....                    (no boots)
Stlth   +                        (no amulet)
HPRegen 0.24/turn                (no ring)
MPRegen 0.09/turn                (no ring)

@: confused
A: fangs 1, strong nose, distributed training
a: no special abilities


You were on level 2 of the Dungeon.
You visited 1 branch of the dungeon, and saw 2 of its levels.

You collected 31 gold pieces.

Inventory:

Hand Weapons
 a - a +2 falchion (weapon)
Armour
 c - a +0 buckler (worn)
 e - a +0 leather armour (worn)
Scrolls
 d - a scroll of fog
Potions
 b - a potion of attraction
 f - a potion of haste {unknown}


   Skills:
 + Level 2.6 Fighting
 + Level 0.8 Short Blades
 + Level 6.5 Long Blades
 + Level 0.8 Axes
 + Level 0.8 Maces & Flails
 + Level 0.8 Polearms
 + Level 0.8 Staves
 + Level 0.8 Ranged Weapons
 + Level 0.8 Throwing
 + Level 0.8 Armour
 + Level 2.6 Dodging
 + Level 0.8 Stealth
 + Level 4.5 Shields
 + Level 4.5 Unarmed Combat
 + Level 0.8 Spellcasting
 + Level 0.5 Conjurations
 + Level 0.5 Hexes
 + Level 0.5 Summonings
 + Level 0.5 Necromancy
 + Level 0.5 Translocations
 + Level 0.5 Transmutations
 + Level 0.5 Fire Magic
 + Level 0.5 Ice Magic
 + Level 0.5 Air Magic
 + Level 0.5 Earth Magic
 + Level 0.5 Poison Magic
 + Level 1.0 Invocations
 + Level 2.6 Evocations


You had 3 spell levels left.
You didn't know any spells.
Your spell library contained the following spells:

 Spells                   Type           Power      Damage    Failure   Level
 Sublimation of Blood     Necr           1%         N/A       58%         2
 Wereblood                Tmut           1%         N/A       58%         2
 Summon Hydra             Summ           0%         N/A       100%        7


Dungeon Overview and Level Annotations

Branches:
Dungeon (2/15)

Altars:

Annotations:
D:2 Sigmund


Innate Abilities, Weirdness & Mutations

You have very sharp teeth.
Your uncanny sense of smell can sniff out nearby items.
Your experience applies equally to all skills.


Message History

You see here 6 stones.
You see here a dart slug corpse.
There is a stone staircase leading down here.
Blink to where?
Press: ? - help, Dir - move target
As you read the scroll labelled YGOEJET YVUM, it crumbles to dust.
It was a scroll of blinking.
There is a stone staircase leading down here.
You climb downwards.
Sigmund shouts!
Found a chain mail and a spear.
There is a stone staircase leading up here.
You hit Sigmund.
Sigmund is lightly wounded.
Sigmund completely misses you.
You closely miss Sigmund.
Sigmund is lightly wounded.
You hit Sigmund.
Sigmund is moderately wounded.
Sigmund mumbles some strange words.
Sigmund flickers and vanishes!
Deactivating autopickup; reactivate with Ctrl-A.
You block the goblin's attack.
You hit the goblin.
The goblin is severely wounded.
Something hits you! Something freezes you. The goblin barely misses you.
You hit the goblin.
You kill the goblin!
Something hits you but does no damage.
Your Invocations skill increases to level 1!
You slash something! You miss something.
You hear some strange, mumbled words.
You are confused.
You hear some strange, mumbled words.
You are more confused.
Something hits you! Something freezes you.
* * * LOW HITPOINT WARNING * * *
You're too confused to move!
Something hits you!
You die...

... ...
#..#.....#
####..#.....#
#...........#
#...........#
#.......[...#
#...........#
#..@{.......#
#....<.###.
#...)..#
#......#
#......#
####...)
######


There were no monsters in sight!

Vanquished Creatures
  2 dart slugs (D:1)
  2 ball pythons (D:1)
  2 bats (D:1)
  2 endoplasms (D:1)
  A giant cockroach (D:1)
  3 goblins
  2 jackals (D:1)
  3 kobolds (D:1)
  2 quokkas (D:1)
  A frilled lizard (D:1)
  6 rats (D:1)
26 creatures vanquished.

Notes
Turn   | Place    | Note
-------+----------+-------------------------------------------
     0 | D:1      | senseless the Gnoll Wanderer began the quest for the Orb.
     0 | D:1      | senseless set off with the following items: a +2 falchion,
                  | a potion of attraction, a +0 buckler, a scroll of fog, a +0
                  | leather armour.
     0 | D:1      | Reached XP level 1. HP: 17/17 MP: 1/1
   149 | D:1      | Reached XP level 2. HP: 20/23 MP: 2/2
   471 | D:1      | Reached XP level 3. HP: 28/28 MP: 3/3
   770 | D:2      | Noticed Sigmund
   776 | D:2      | Reached skill level 1 in Invocations
   780 | D:2      | Slain by Sigmund

Illustrated notes

Levels and vault maps discovered:
D:1:      nagdon_arrival_double_spiral, layout_loops_ring, grunt_decor_fettered
D:2:      layout_basic, uniq_sigmund

Skill      XL: |  1  2  3 |
---------------+----------+-----
Invocations    | 1 |  1.0
Fighting       | |  2.6
Short Blades   | |  0.8
Long Blades    | |  6.5
Axes           | |  0.8
Maces & Flails | |  0.8
Polearms       | |  0.8
Staves         | |  0.8
Ranged Weapons | |  0.8
Throwing       | |  0.8
Armour         | |  0.8
Dodging        | |  2.6
Stealth        | |  0.8
Shields        | |  4.5
Unarmed Combat | |  4.5
Spellcasting   | |  0.8
Conjurations   | |  0.5
Hexes          | |  0.5
Summonings     | |  0.5
Necromancy     | |  0.5
Translocations | |  0.5
Transmutations | |  0.5
Fire Magic     | |  0.5
Ice Magic      | |  0.5
Air Magic      | |  0.5
Earth Magic    | |  0.5
Poison Magic   | |  0.5
Evocations     | |  2.6

Action                     || total
---------------------------++-------
  Melee: Falchion          ||    73
         Bite              ||     5
    Use: Scroll            ||     1
   Stab: Sleeping          ||     2
 Armour: Leather armour    ||    20
  Dodge: Dodged            ||    44
  Block: Buckler           ||     6

Table legend: (Time is in decaauts)
 A = Elapsed time spent in this place.
 B = Non-inter-level travel time spent in this place.
 C = Inter-level travel time spent in this place.
 D = Time resting spent in this place.
 E = Time spent auto-exploring this place.
 F = Levels seen in this place.
 G = Mean time per level.
                   A        B        C        D        E       F      G
               +--------+--------+--------+--------+--------+-----+--------+
         Total |    780 |    750 |     30 |      0 |    600 |   2 |  390.0 |
       Dungeon |    780 |    750 |     30 |      0 |    600 |   2 |  390.0 |
               +--------+--------+--------+--------+--------+-----+--------+

Top non-repeatable levels by time:
     D:1: 770 daAuts
     D:2: 9 daAuts
